 Dungeon Crawl Stone Soup version 0.25-a0-62-g88673ef095 (webtiles) character file.

Game seed: 4817401339589075166, levelgen mode: deterministic

44 iamserjio the Skirmisher (level 3, 0/27 HPs)
             Began as an Octopode Monk on Nov 1, 2019.
             Succumbed to an adder's poison
             ... on level 2 of the Dungeon.
             The game lasted 00:01:08 (1130 turns).

iamserjio the Skirmisher (Octopode Monk)            Turns: 1130, Time: 00:01:08

Health: 0/27       AC:  1    Str: 15    XL:     3   Next: 62%
Magic:  3/3        EV: 15    Int: 12    God:
Gold:   66         SH:  0    Dex: 15    Spells: 2/2 levels left

rFire    . . .     SeeInvis .   c - +2 spear (flame)
rCold    . . .     Gourm    .   (no shield)
rNeg     . . .     Faith    .   (helmet restricted)
rPois    .         Spirit   .   (no amulet)
rElec    .         Reflect  .   (no ring)
rCorr    .         Harm     .   (no ring)
MR       .....                  (no ring)
Stlth    +++.......             (no ring)
HPRegen  0.09/turn              (no ring)
MPRegen  0.08/turn              (no ring)
                                (no ring)
                                (no ring)

@: mighty, lethally poisoned (0 -> -9)
A: almost no armour, stealthy swim, amphibious, 8 rings, constrict 8, camouflage
1, gelatinous body 1
a: no special abilities


You were on level 2 of the Dungeon.
You were not hungry.

You visited 1 branch of the dungeon, and saw 2 of its levels.

You collected 66 gold pieces.

Inventory:

Hand Weapons
 a - a +0 short sword
 c - a +2 spear of flaming (weapon)
Jewellery
 g - an uncursed ring of poison resistance {unknown}
Scrolls
 e - 3 scrolls of remove curse {unknown}
 f - 2 scrolls of teleportation {unknown}
 h - a scroll of identify {unknown}
 i - a scroll of amnesia {unknown}
Comestibles
 b - 3 rations


   Skills:
 * Level 3.9 Fighting
 - Level 3.0 Short Blades
 - Level 3.7 Dodging
 - Level 2.6 Stealth


You had 2 spell levels left.
You didn't know any spells.
Your spell library was empty.

Dungeon Overview and Level Annotations

Branches:
Dungeon (2/15)

Altars:


Innate Abilities, Weirdness & Mutations

You cannot wear most types of armour.
You are very stealthy in the water. (Stealth+)
You are amphibious.
You can wear up to eight rings at the same time.
You can use your tentacles to constrict eight enemies at once.
Your skin changes colour to match your surroundings (Stealth+).
Your rubbery body absorbs attacks. (AC +1, EV +1)


Message History

You feel sick.
It was a potion of might.
You feel very mighty all of a sudden. The adder misses you.
You closely miss the adder. Your grab misses the adder.
Your squeeze misses the adder.
* * * LOW HITPOINT WARNING * * *
You feel sick. The adder bites you.
* * * LOW HITPOINT WARNING * * *
You are more poisoned.
The adder poisons you!
You miss the adder. Your grab misses the adder.
* * * LOW HITPOINT WARNING * * *
You feel sick. The adder misses you. The adder completely misses you.
You hit the adder. You burn the adder. Your grab misses the adder.
* * * LOW HITPOINT WARNING * * *
You feel sick. The adder misses you.
You puncture the adder! You burn the adder.
You kill the adder!
You die...

#... #.. #.. #..
#.# #.# #
#.##+##.##..
#@#..r......
#####†#.(†g.#
#...gr#.....#
#.###......#....
#.#(.......# ...
#.)(†......# .
###.##+#.#.#
########.#
#.#..#
......#..#
#.##.#


You could see a goblin and a rat.

Vanquished Creatures
  2 adders (D:2)
  A dart slug (D:2)
  A ball python (D:1)
  A giant cockroach (D:1)
  A goblin (D:1)
  3 hobgoblins
  4 jackals (D:1)
  2 bats (D:1)
  3 frilled lizards (D:1)
  5 kobolds (D:1)
  2 rats (D:1)
25 creatures vanquished.

Notes
Turn   | Place    | Note
-------+----------+-------------------------------------------
     0 | D:1      | iamserjio the Octopode Monk began the quest for the Orb.
     0 | D:1      | Reached XP level 1. HP: 16/16 MP: 1/1
   479 | D:1      | Reached XP level 2. HP: 21/21 MP: 2/2
  1107 | D:2      | Reached XP level 3. HP: 26/26 MP: 3/3
  1129 | D:2      | HP: 1/27 [poisoned by an adder]
  1130 | D:2      | Succumbed to an adder's poison

Levels and vault maps discovered:
D:1:      elethiomel_arrival_quiet, layout_loops_ring
D:2:      layout_basic, first_ration

Action                   || total
-------------------------++-------
Melee: Short sword       ||    44
       Constrict         ||    14
       Tentacles         ||    10
       Spear             ||    13
  Use: Potion            ||     1
 Stab: Sleeping          ||     2
  Eat: Chunk             ||     1
Dodge: Dodged            ||    39

Table legend:
 A = Non-vault XP
 B = Vault XP
 C = Vault XP percentage of total XP
 D = Non-vault monster count
 E = Vault monster count
 F = Vault count percentage of total count
                 A         B        C        D         E       F
            +---------+---------+-------+---------+---------+-------
      Total |      64 |       0 |   0.0 |      25 |       0 |   0.0
            +---------+---------+-------+---------+---------+-------
        D:1 |      32 |       0 |   0.0 |      21 |       0 |   0.0
        D:2 |      32 |       0 |   0.0 |       4 |       0 |   0.0
            +---------+---------+-------+---------+---------+-------
